cohdb
Replays
Latest Replays
All Replays
Popular Replays
Top Player Replays
Match Explorer
How It Works
Community
CoH3 Stats
Reddit
Sign in to upload your games and track your stats! →
Sign in with Steam
Match 40710771
Unlisted
Match 40710771
Overview
Messages
Build Orders
End
Panzergrenadier Squad
Panzerpioneer Squad
Panzerpioneer Squad
Construct Light Support Kompanie
Fire Support Elements
MG34 Team
250 Light Carrier
Combat Half-tracks
Vehicle Survival Package
Flakvierling Half-track
Pak 38 Mechanized Group
2.5-tonne Medical Truck
Selects Battlefield Espionage Battlegroup
Selects 250/3 Funkpanzerwagen
Selects Sector Subterfuge Beacon
Selects Transfer Depots
Construct Panzerarmee Kommand
Emergency Repair Kits
Rapid Advance
Panzer III L Medium Tank
Selects Firestorm
Selects Advanced Ambush Training
Panzerpioneer Squad
Panzer III L Medium Tank
HelpingHans
rmsi
Clavis
shadow 2
Wolfe
Carecup
water
AlexTheLie
0
0
Comments
sign in to comment!
No comments posted yet!